AoeStats
← u990221

Arena

509630670Analyzed
2v2 RM · 5d ago on Sep 27, 2026· 23m 10s· 4 players
Game mode
Random Map
Map size
Medium (4 player)
Population
200
Speed
Normal
Resources
Standard
Victory
Conquest
Starting age
Dark Age
Ending age
Imperial Age
RankedLock teamsTeams togetherTeam positionsShared explorationLock speedFull tech treeHidden civsTurbo modeCheats
Victory
Defeat
🇹🇼 Danes · Taiwan
1154
+17
🇹🇼 Slavs · Taiwan
1116
+18
🇲🇽 Vikings · Mexico
1175
-18
🇨🇳 Britons · China
1162
-17
Andre114514
11:11 Feudal Age
15:15 Castle Age
13:21 Double-Bit Axe
13:18 Horse Collar
16:18 Light Cavalry
17:50 Bow Saw
u990221
10:47 Feudal Age
14:59 Castle Age
13:00 Double-Bit Axe
daniel8a1552
10:32 Feudal Age
14:32 Castle Age
13:18 Double-Bit Axe
15:06 Horse Collar
16:09 Town Watch
17:59 Squires
18:34 Bow Saw
19:36 Loom
20:39 Scale Mail Armor
23:14 Heavy Plow
造化弄猪
11:04 Feudal Age
15:10 Castle Age
15:19 Loom
16:58 Double-Bit Axe
18:17 Wheelbarrow
21:29 Horse Collar
Connection lost

Rejoining the realm…

Still unreachable

The connection could not be restored.

Session expired

The server has moved on; the page needs a fresh start.